 Dungeon Crawl Stone Soup version 0.32-a0-720-g1d96ad090f (webtiles) character file.

Game seed: 14402006452958714407

177 Nvm9 the Shield-Bearer (level 5, 0/42 HPs)
             Began as a Demonspawn Fighter on Mar 16, 2024.
             Slain by a gnoll
             ... wielding a +0 halberd
             ... led by a gnoll bouda
              (3 damage)
             ... on level 3 of the Dungeon.
             The game lasted 00:07:28 (1702 turns).

Nvm9 the Shield-Bearer (Demonspawn Fighter)         Turns: 1702, Time: 00:07:28

Health: 0/42       AC:  9    Str: 19    XL:     5   Next: 30%
Magic:  5/5        EV:  8    Int:  8    God:
Gold:   115        SH:  8    Dex: 12    Spells: 4/4 levels left

rFire   . . .        a - +0 war axe (freeze)
rCold   . . .        c - +0 buckler
rNeg    . . .        b - +0 scale mail
rPois   +            (no helmet)
rElec   .            (no cloak)
rCorr   .            n - +1 pair of gloves
SInv    .            (no boots)
Will    .....        (no amulet) Stlth
                     k - ring of poison resistance
HPRegen 0.27/turn    (no ring)
MPRegen 0.09/turn

%: no passive effects
@: mighty
A: large bone plates 1, demonic magic 2
a: no special abilities


You were on level 3 of the Dungeon.
You visited 1 branch of the dungeon, and saw 3 of its levels.

You collected 115 gold pieces.

Inventory:

Hand Weapons
 a - a +0 war axe of freezing (weapon)
Armour
 b - a +0 scale mail (worn)
 c - a +0 buckler (worn)
 n - a +1 pair of gloves (worn)
Jewellery
 k - a ring of poison resistance (left hand)
Scrolls
 f - 2 scrolls of teleportation
 g - a scroll of brand weapon
 h - 2 scrolls of identify
 j - a scroll of revelation
Potions
 e - a potion of brilliance
 i - a potion of enlightenment {unknown}


   Skills:
 + Level 3.6 Fighting
 * Level 3.0 Axes
 * Level 3.6 Armour
 * Level 3.7 Shields


You had 4 spell levels left.
You didn't know any spells.
Your spell library was empty.

Dungeon Overview and Level Annotations

Branches:
Dungeon (3/15)

Altars:


Innate Abilities, Weirdness & Mutations

You are partially covered in large bone plates. (SH +4)
Spells you cast may paralyse nearby enemies.


Message History

The gnolls pick up the pace!
The gnoll hits you with a +0 flail. The gnoll barely misses you.
A gnoll comes into view.
It is wielding a +0 halberd and quivering 2 throwing nets.
The gnoll hits you with a +0 flail! The gnoll hits you but does no damage.
You see here a +0 spear.
Unknown command.
You slash the gnoll! You freeze the gnoll.
The gnoll is almost dead.
You hit the gnoll. You freeze the gnoll. You block the gnoll's attack.
The gnoll closely misses you. The gnoll barely misses you.
The gnoll bouda calls upon its god to heal the gnoll.
The gnoll is healed somewhat.
You block the gnoll's attack. The gnoll hits you with a +0 flail!
* * * LOW HITPOINT WARNING * * *
Unknown command.
You barely miss the gnoll.
The gnoll is moderately wounded.
You hit the gnoll. You freeze the gnoll.
You kill the gnoll!
You hit the gnoll bouda but do no damage.
A gnoll comes into view. It is wielding a +0 flail.
You block the gnoll's attack. The gnoll bouda barely misses you.
You block the gnoll's attack.
You have reached level 5!
You feel very mighty all of a sudden. You block the gnoll's attack.
The gnoll closely misses you. You block the gnoll bouda's attack.
The gnoll closely misses you.
You slash the gnoll bouda! You freeze the gnoll bouda.
You kill the gnoll bouda!
You slash the gnoll! You freeze the gnoll.
You kill the gnoll!
You hit the gnoll. You freeze the gnoll.
The gnoll hits you from afar with a +0 halberd!
* * * LOW HITPOINT WARNING * * *
The gnoll hits you but does no damage.
Your Axes skill increases to level 3!
You slash the gnoll! You freeze the gnoll.
You kill the gnoll!
The gnoll hits you from afar with a +0 halberd.
You die...

. .. ... ######.# ....
#...##.# .....
########...##.#
......####.........§+..#
.....g)@....####§§)§##.#
P.....))....##.#§§§§##.#
P..............#§§§§##.#
..#.######..##.#§#§###.#
... #..##.#.#.##..# P.
#..##.#.#...... .
#..#.<#.###.###
#..####.)....##
#.......#.##.##


You could see a gnoll (swift).

Vanquished Creatures
  A gnoll bouda (D:3)
  4 gnolls (D:3)
  6 adders (D:2)
  A dart slug (D:2)
  A ribbon worm (D:3)
  5 ball pythons (D:1)
  6 bats
  5 endoplasms
  A giant cockroach (D:1)
  8 hobgoblins
  5 kobolds
  2 quokkas
  9 goblins
  9 rats
63 creatures vanquished.

Notes
Turn   | Place    | Note
-------+----------+-------------------------------------------
     0 | D:1      | Nvm9 the Demonspawn Fighter began the quest for the Orb.
     0 | D:1      | Reached XP level 1. HP: 18/18 MP: 1/1
   166 | D:1      | Gained mutation: You are partially covered in large bone
                  | plates. (SH +4) [demonic ancestry]
   166 | D:1      | Reached XP level 2. HP: 18/24 MP: 2/2
   487 | D:1      | Gained mutation: Spells you cast may paralyse adjacent
                  | enemies. [demonic ancestry]
   487 | D:1      | Reached XP level 3. HP: 29/29 MP: 3/3
  1114 | D:2      | Gained mutation: Spells you cast may paralyse nearby
                  | enemies. [demonic ancestry]
  1114 | D:2      | Reached XP level 4. HP: 21/35 MP: 4/4
  1700 | D:3      | Reached XP level 5. HP: 12/41 MP: 5/5
  1702 | D:3      | Slain by a gnoll

Illustrated notes

Levels and vault maps discovered:
D:1:      onia_arrival_mini_maze_b, layout_basic
D:2:      layout_rooms
D:3:      layout_basic, nicolae_grassy_gnolls, uniq_robin, uniq_natasha

Skill      XL: |  1  2  3  4  5 |
---------------+----------------+-----
Axes           | 2 3 |  3.0
Shields        | 3 |  3.7
Armour         | 3 |  3.6
Fighting       | |  3.6

Action                     |  1- 3 |  4- 6 || total
---------------------------+-------+-------++-------
  Melee: War axe           |   102 |    55 ||   157
    Use: Scroll            |     4 |     3 ||     7
         Potion            |     1 |     2 ||     3
 Armour: Scale mail        |    90 |    39 ||   129
  Dodge: Dodged            |    44 |    19 ||    63
  Block: Buckler           |    39 |    35 ||    74

Table legend: (Time is in decaauts)
 A = Elapsed time spent in this place.
 B = Non-inter-level travel time spent in this place.
 C = Inter-level travel time spent in this place.
 D = Time resting spent in this place.
 E = Time spent auto-exploring this place.
 F = Levels seen in this place.
 G = Mean time per level.
                   A        B        C        D        E       F      G
               +--------+--------+--------+--------+--------+-----+--------+
         Total |   1766 |   1739 |     27 |      0 |   1257 |   3 |  588.7 |
       Dungeon |   1766 |   1739 |     27 |      0 |   1257 |   3 |  588.7 |
               +--------+--------+--------+--------+--------+-----+--------+

Top non-repeatable levels by time:
     D:1: 1071 daAuts
     D:2: 515 daAuts
     D:3: 179 daAuts
